 Dungeon Crawl Stone Soup version 0.31.0-11-ge490571c62 (webtiles) character file.

Game seed: 7466416746342871321

29 ezpacito the Trooper (level 3, 29/29 HPs)
             Began as a Demonspawn Berserker on Jan 30, 2024.
             Was a Follower of Trog.
             Quit the game on level 2 of the Dungeon.
             The game lasted 00:02:10 (1048 turns).

ezpacito the Trooper (Demonspawn Berserker)         Turns: 1048, Time: 00:02:10

Health: 29/29      AC:  9    Str: 17    XL:     3   Next: 1%
Magic:  3/3        EV:  8    Int:  7    God:    Trog [*.....]
Gold:   60         SH:  0    Dex: 14    Spells: 2/2 levels left

rFire   . . .        a - +0 hand axe
rCold   . . .        (no shield)
rNeg    . . .        j - +0 chain mail
rPois   .            (no helmet)
rElec   .            (no cloak)
rCorr   .            (no gloves)
SInv    .            (no boots)
Will    .....        (no amulet) Stlth
                     (no ring)
HPRegen 0.24/turn    (no ring)
MPRegen 0.08/turn

%: no passive effects
@: no status effects
A: claws 1, rugged brown scales 1
a: Renounce Religion, Berserk


You were on level 2 of the Dungeon.
You worshipped Trog.
Trog was aware of your devotion.
You visited 1 branch of the dungeon, and saw 2 of its levels.

You collected 60 gold pieces.

Inventory:

Hand Weapons
 a - a +0 hand axe (weapon)
 c - a +2 dagger of flaming
 g - a +0 heavy spear
Armour
 j - a +0 chain mail (worn)
Talismans
 i - a blade talisman
Scrolls
 b - a scroll of vulnerability {unknown}
 d - a scroll of noise {unknown}
 f - a scroll of butterflies {unknown}
 h - a scroll of identify {unknown}
 k - a scroll of immolation {unknown}
 l - a scroll of blinking {unknown}
 m - a scroll of teleportation {unknown}
Potions
 e - 3 potions of degeneration {unknown}
 n - a potion of curing {unknown}


   Skills:
 * Level 3.3 Fighting
 * Level 3.0 Axes
 * Level 1.9 Armour
 * Level 2.0 Dodging
 * Level 0.5 Stealth
 * Level 0.3 Unarmed Combat


You had 2 spell levels left.
You didn't know any spells.
Your spell library contained the following spells:

 Spells                   Type           Power      Damage    Failure   Level
 Apportation              Tloc           0%         N/A       99%         1
 Necrotise                Necr           0%         1d4       99%         1
 Slow                     Hex            0%         N/A       99%         1
 Sting                    Conj/Alch      0%         1d3       99%         1
 Summon Small Mammal      Summ           0%         N/A       99%         1
 Confusing Touch          Hex            0%         N/A       100%        3
 Sigil of Binding         Hex            0%         N/A       100%        3
 Tukima's Dance           Hex            0%         N/A       100%        3
 Vampiric Draining        Necr           0%         2d6       100%        3
 Dimensional Bullseye     Hex/Tloc       0%         N/A       100%        4
 Iskenderun's Mystic Bla  Conj/Tloc      0%         2d3       100%        4


Dungeon Overview and Level Annotations

Branches:
Dungeon (2/15)

Altars:
Fedhas


Innate Abilities, Weirdness & Mutations

You have sharp fingernails.
You are partially covered in rugged brown scales. (AC +1, +3% HP)


Message History

A hobgoblin comes into view.
Found a stone staircase leading down.
A hobgoblin comes into view.
Found 11 gold pieces and a bubbling pink potion.
The hobgoblin shouts!
You hit the hobgoblin but do no damage. The hobgoblin hits you.
You barely miss the hobgoblin.
The hobgoblin hits you but does no damage.
You hit the hobgoblin.
The hobgoblin is lightly wounded.
The hobgoblin hits you but does no damage.
You hit the hobgoblin.
You kill the hobgoblin!
Trog accepts your kill.
You hit the hobgoblin.
The hobgoblin hits you but does no damage.
You hit the hobgoblin.
The hobgoblin is severely wounded.
The hobgoblin hits you but does no damage. x2
You closely miss the hobgoblin.
The hobgoblin is severely wounded.
The hobgoblin hits you but does no damage.
You slash the hobgoblin!
You kill the hobgoblin!
Trog accepts your kill.
You have reached level 3!
Your experience leads to an increase in your attributes!
Increase (S)trength, (I)ntelligence, or (D)exterity?
You feel agile. x2; Your demonic ancestry asserts itself...
Your fingernails lengthen.
Found an arbalest.
You now have 60 gold pieces (gained 11).
n - a bubbling pink potion No target in view!
Found 5 stones.
Found a dagger.
A goblin comes into view. It is wielding a +0 club.
The goblin shouts!
A goblin is nearby!
Are you sure you want to abandon this character and quit the game? (Confirm with "yes".)

######## ########### .......#
#......g... .......#
#.......... .......##
#.......... ........#
#..@..............
........######.................
...............(........<......
.........#############.........
.........# #.........
........## #......... ....†...#
#......... ........#
###......... ........#
######....#########


You could see a goblin.

Vanquished Creatures
  A gnoll (D:1)
  A dart slug (D:1)
  A ball python (D:1)
  2 endoplasms (D:1)
  A giant cockroach (D:1)
  A goblin (D:1)
  3 hobgoblins
  A kobold (D:1)
  2 quokkas (D:1)
  A frilled lizard (D:1)
  2 rats
16 creatures vanquished.

Notes
Turn   | Place    | Note
-------+----------+-------------------------------------------
     0 | D:1      | ezpacito the Demonspawn Berserker began the quest for the
                  | Orb.
     0 | D:1      | Reached XP level 1. HP: 18/18 MP: 1/1
   354 | D:1      | Gained mutation: You are partially covered in rugged brown
                  | scales. (AC +1, +3% HP) [demonic ancestry]
   354 | D:1      | Reached XP level 2. HP: 14/24 MP: 2/2
   875 | D:1      | Found a blossoming altar of Fedhas.
  1018 | D:2      | Gained mutation: You have sharp fingernails. [demonic
                  | ancestry]
  1018 | D:2      | Reached XP level 3. HP: 29/29 MP: 3/3
  1048 | D:2      | Quit the game

Illustrated notes

Levels and vault maps discovered:
D:1:      dpeg_arrival_water_altar, layout_loops_ring
D:2:      layout_basic, basic_altar

Skill      XL: |  1  2 |
---------------+-------+-----
Dodging        | 2 |  2.0
Axes           | 3 |  3.0
Fighting       | |  3.3
Armour         | |  1.9
Stealth        | |  0.5
Unarmed Combat | |  0.3

Action                     || total
---------------------------++-------
  Melee: Hand axe          ||    54
 Invoke: Berserk           ||     1
 Armour: Scale mail        ||    18
         Animal skin       ||     5
         Chain mail        ||    11
  Dodge: Dodged            ||    30
